Map: Ulrena

Players

capac

  • Race: Terran Terran
  • League: Gold

DoubleG - Winner!

  • Race: Protoss Protoss
  • League: Silver

VOD

Have the link to the VOD?

Description

Time

  • Played on: April 17, 2016, 11:15 a.m.
  • Length: 24:54
Show
View Real Time Build Order
Export as new Build Order

capac Terran 

Build Orders: Reaper Expand, MMM Bio 

Get SALT Encoding   

  12  0:00  SCV  
  13  0:12  SCV  
  14  0:18  Supply Depot  
  14  0:25  SCV  
  15  0:39  SCV  
  15  0:41  Barracks  
  16  0:45  Refinery  
  16  0:52  SCV  
  17  1:04  SCV  
  18  1:16  SCV  
  19  1:28  Reaper  
  19  1:29  Orbital Command  
  20  1:43  Command Center  
  20  1:51  Supply Depot  
  20  2:00  Marine  
  21  2:02  SCV  
  22  2:09  Factory  
  22  2:15  SCV  
  23  2:26  Barracks  
  23  2:28  Barracks Reactor  
  23  2:32  SCV  
  24  2:41  Refinery  
  24  2:44  SCV  
  24  2:52  Factory Tech Lab  
  24  2:57  Bunker, SCV  
  24  2:58  SCV  
  26  3:06  Marine x2  
  28  3:17  Siege Tank  
  28  3:19  SCV  
  33  3:22  Orbital Command  
  32  3:28  Marine x2  
  32  3:30  Barracks Tech Lab  
  34  3:35  SCV  
  35  3:43  Starport  
  35  3:46  Marine x2  
  35  3:47  SCV  
  38  3:51  Supply Depot  
  38  3:52  SCV  
  38  3:53  Marine  
  40  3:59  SCV  
  41  4:04  SCV  
  41  4:08  Marine x2  
  44  4:11  SCV  
  44  4:16  Supply Depot  
  45  4:17  Siege Tank  
  45  4:19  Medivac  
  50  4:25  SCV  
  50  4:27  SCV  
  50  4:28  Engineering Bay  
  50  4:31  Marine x2  
  53  4:37  Marine  
  53  4:38  SCV  
  56  4:41  Supply Depot  
  56  4:42  SCV  
  57  4:50  SCV, Stimpack  
  57  4:52  Barracks  
  58  4:56  SCV  
  59  5:02  SCV  
  59  5:04  Starport Reactor  
  60  5:10  Command Center  
  60  5:19  Supply Depot  
  60  5:22  SCV x2  
  60  5:23  Marine x3  
  60  5:28  Refinery  
  65  5:29  Refinery  
  65  5:32  Siege Tank  
  65  5:34  SCV x2  
  70  5:36  Terran Infantry Weapons Level 1  
  70  5:39  Supply Depot  
  70  5:41  Barracks Reactor  
  70  5:49  SCV  
  72  5:50  SCV  
  72  5:58  Supply Depot  
  72  6:00  Marine x3  
  72  6:01  SCV  
  72  6:02  SCV  
  77  6:07  Medivac x2  
  81  6:14  SCV x2  
  81  6:15  Armory  
  81  6:18  Engineering Bay  
  83  6:26  SCV x2  
  85  6:37  Medivac x2  
  85  6:38  Marine x3  
  92  6:49  Marine x2  
  94  6:56  Marine x3  
  94  6:58  Orbital Command  
  97  7:07  Marine x2, SCV x2  
  97  7:08  Missile Turret  
  101  7:14  Marine x2, Missile Turret  
  103  7:18  Marine  
  104  7:25  Marine x2, Siege Tank  
  104  7:27  Refinery, Liberator  
  104  7:29  Refinery  
  109  7:38  Terran Infantry Weapons Level 2  
  109  7:39  Terran Infantry Armor Level 1  
  109  7:40  Supply Depot  
  109  7:42  Supply Depot  
  109  7:44  Marine x5  
  109  7:45  Supply Depot, Liberator  
  109  7:48  Combat Shields  
  117  7:51  Barracks  
  117  7:52  Barracks  
  117  8:01  Missile Turret  
  117  8:02  SCV x3  
  123  8:06  Supply Depot x2  
  123  8:09  Supply Depot, Marine x3  
  123  8:10  Marine x2  
  131  8:12  Siege Tank  
  131  8:25  SCV x3  
  131  8:26  Missile Turret  
  134  8:27  Missile Turret  
  134  8:52  Starport  
  134  8:54  Starport  
  134  8:57  Liberator x2  
  134  9:02  Missile Turret  
  134  9:04  Supply Depot  
  134  9:06  Supply Depot x2  
  134  9:13  Siege Tank  
  143  9:18  Marine  
  143  9:19  Marine x4  
  143  9:23  Barracks Tech Lab, Barracks Reactor  
  148  9:25  Concussive Shells  
  148  9:31  Supply Depot x2  
  148  9:34  Supply Depot  
  152  9:39  Starport Reactor  
  152  9:40  Starport Reactor  
  148  9:56  Marine x3  
  148  9:57  Marine, Medivac x2  
  148  9:58  Marauder x2  
  160  10:27  Medivac x2  
  164  10:54  Liberator x2  
  164  10:55  Liberator x4  
  164  11:02  Marine x4  
  164  11:03  Marine x3  
  164  11:04  Marauder  
  182  11:20  Marine x6  
  182  11:21  Marauder  
  182  11:25  Marauder  
  192  11:38  Marine x4  
  196  11:43  Marauder  
  135  12:57  Marine x4  
  135  12:58  Marine x3  
  124  12:59  Marauder  
  126  13:14  Liberator  
  126  13:15  Liberator x5  
  126  13:16  Marauder  
  126  13:18  Marine x2  
  126  13:19  Marine x5  
  150  13:36  Marine x3  
  150  13:37  Marine x2  
  150  13:38  Marauder  
  150  13:39  Marine x2, Command Center  
  150  13:41  Command Center  
  159  13:54  Marine x5  
  164  13:56  Marine  
  164  13:57  Marauder  
  164  13:59  Marauder  
  169  14:12  Marine x5  
  169  14:14  Marine  
  165  14:18  Marauder  
  165  14:20  Marauder  
  169  14:29  Marine  
  169  14:30  Marine x4  
  174  14:32  Marine  
  175  14:39  Marine  
  175  14:40  Missile Turret  
  175  14:41  Marine  
  177  14:47  Marine  
  178  15:02  Liberator x2  
  169  15:17  Marine x3  
  169  15:18  Marauder, Marine x3  
  169  15:19  Marauder  
  185  15:36  Marine  
  185  15:37  Marine x4  
  185  15:39  Missile Turret  
  185  15:40  Marauder x2  
  184  15:45  Marine  
  184  15:49  Medivac  
  187  15:54  Marine  
  189  16:09  Medivac x3  
  171  16:44  Medivac x4  
  176  17:36  Liberator x3  
  176  17:37  Liberator x3  
  126  18:26  Liberator x5, Planetary Fortress  
  116  18:27  Liberator  
  116  18:32  Marine x6  
  116  18:33  Marauder x2  
  144  18:49  Marine x2  
  144  18:50  Marine x4  
  144  18:54  Marauder  
  144  18:55  Marauder  
  154  19:06  Terran Infantry Weapons Level 3, Terran Infantry Armor Level 2  
  154  19:07  Marine  
  152  19:25  Liberator x2  
  152  19:26  Medivac x4  
  150  19:39  Liberator x2  
  150  19:40  Marine  
  150  19:41  Marine x5  
  150  19:42  Marauder  
  156  20:19  Command Center  
  156  20:20  Command Center  
  156  20:34  Marine x5  
  94  21:11  Liberator x4  
  89  21:25  Marine x4  
  90  21:26  Marine x3  
  90  21:27  Marauder  
  110  21:44  Marauder  
  112  21:48  Marauder  
  114  22:12  Marine x3  
  114  22:13  Marine x3  
  120  22:42  Refinery  
  120  22:45  Marine  
  120  22:46  Marine  
  120  22:50  Refinery  
  122  23:53  Marine x5  
  122  23:54  Marine x2  
  122  23:55  Marauder  
  129  24:12  Marauder  
  129  24:16  Marauder  
Show
View Real Time Build Order
Export as new Build Order

DoubleG Protoss - Winner!

Build Orders: 1 Gate Expand 

Get SALT Encoding   

  12  0:10  Pylon  
  12  0:18  Probe (Chrono Boost)  
  13  0:31  Gateway  
  13  0:36  Probe (Chrono Boost)  
  14  0:47  Probe (Chrono Boost), Assimilator  
  15  0:57  Probe (Chrono Boost)  
  16  1:10  Probe (Chrono Boost)  
  17  1:26  Nexus  
  17  1:38  Cybernetics Core  
  17  1:42  Probe (Chrono Boost)  
  18  1:52  Probe (Chrono Boost)  
  19  1:58  Assimilator  
  19  2:03  Probe (Chrono Boost)  
  20  2:09  Pylon  
  20  2:16  Mothership Core (Chrono Boost)  
  20  2:21  Warp Gate  
  22  2:27  Stalker  
  24  2:44  Probe (Chrono Boost)  
  24  2:45  Probe (Chrono Boost)  
  26  3:01  Probe (Chrono Boost)  
  26  3:02  Probe (Chrono Boost)  
  26  3:03  Stalker  
  30  3:07  Pylon  
  30  3:14  Probe x2 (Chrono Boost)  
  32  3:28  Gateway x2  
  32  3:31  Probe (Chrono Boost)  
  32  3:33  Probe (Chrono Boost)  
  34  3:47  Probe x2 (Chrono Boost)  
  36  4:02  Probe (Chrono Boost)  
  38  4:03  Probe (Chrono Boost)  
  38  4:11  Assimilator  
  38  4:13  Assimilator  
  38  4:14  Probe x2 (Chrono Boost)  
  40  4:25  Probe x2 (Chrono Boost), Stalker x3  
  48  4:34  Pylon  
  48  4:40  Pylon  
  48  4:43  Probe (Chrono Boost)  
  48  4:44  Probe (Chrono Boost)  
  50  4:55  Probe (Chrono Boost)  
  50  4:56  Probe (Chrono Boost)  
  52  5:00  Stalker  
  52  5:01  Stalker x2  
  58  5:07  Robotics Facility  
  58  5:10  Probe (Chrono Boost)  
  58  5:11  Probe (Chrono Boost)  
  60  5:24  Stalker x3  
  66  5:32  Probe x2 (Chrono Boost)  
  68  5:43  Probe (Chrono Boost)  
  68  5:46  Pylon  
  69  5:50  Pylon  
  70  5:59  Observer  
  70  6:04  Probe (Chrono Boost)  
  70  6:10  Stalker x2  
  70  6:11  Stalker  
  77  6:16  Robotics Bay  
  77  6:20  Observer  
  78  6:26  Gateway  
  78  6:32  Twilight Council  
  78  6:40  Pylon  
  78  6:46  Stalker x3  
  83  7:02  Colossus  
  83  7:03  Extended Thermal Lance (Chrono Boost)  
  89  7:09  Blink  
  89  7:17  Pylon  
  89  7:19  Pylon  
  89  7:20  Pylon  
  89  7:29  Nexus  
  89  7:32  Pylon  
  89  7:33  Probe (Chrono Boost)  
  90  7:43  Zealot x4  
  98  7:48  Colossus  
  98  7:51  Templar Archives  
  104  8:44  Probe x2  
  104  8:45  Probe  
  107  8:51  Colossus  
  107  8:56  Probe  
  107  9:00  Psionic Storm  
  114  9:06  Probe, High Templar x4  
  123  9:21  Charge  
  123  9:28  Assimilator  
  123  9:30  Assimilator  
  123  9:35  Gateway  
  123  9:40  Colossus, Pylon  
  123  9:46  Forge x2  
  129  10:07  Zealot x4  
  137  10:15  Protoss Ground Weapons Level 1 (Chrono Boost)  
  137  10:16  Protoss Ground Armor Level 1 (Chrono Boost)  
  137  10:17  Pylon  
  137  10:19  Pylon  
  137  10:21  Pylon  
  137  10:27  Pylon  
  137  10:30  Pylon  
  137  10:34  Colossus (Chrono Boost)  
  143  10:48  Zealot x2  
  143  10:49  Zealot x3  
  145  11:25  Colossus (Chrono Boost), Gateway  
  151  11:26  Gateway  
  151  11:28  Gateway  
  151  11:30  Stalker x2  
  151  11:31  Stalker x3  
  161  11:54  Stalker x2  
  161  11:55  Stalker x3  
  171  12:03  Pylon  
  171  12:06  Protoss Ground Weapons Level 2  
  171  12:10  Protoss Shields Level 1  
  171  12:17  Colossus (Chrono Boost)  
  177  12:24  Nexus  
  177  12:26  Pylon  
  177  12:28  Assimilator  
  177  12:32  Assimilator  
  107  13:01  Stalker x5  
  107  13:02  Stalker x3  
  111  13:25  Stalker x5  
  111  13:26  Stalker x3  
  127  13:49  Stalker x3  
  127  13:50  Stalker x5  
  127  13:51  Protoss Ground Armor Level 2  
  143  14:05  Protoss Ground Weapons Level 3  
  143  14:12  Stalker  
  143  14:13  Stalker x7  
  143  14:16  Colossus (Chrono Boost)  
  165  14:41  Stalker x5  
  172  15:16  Stalker x4  
  180  15:49  Zealot x5  
  190  15:52  Colossus (Chrono Boost)  
  196  16:04  Pylon x2, Protoss Shields Level 2  
  196  16:10  Probe  
  197  16:20  Probe  
  198  16:34  Probe  
  183  17:00  Pylon  
  183  17:01  Pylon  
  183  17:06  Stalker  
  183  17:07  Stalker x3  
  137  18:01  Stalker x3  
  115  18:37  Gateway x2  
  115  18:39  Gateway  
  115  18:40  Gateway  
  115  18:44  Pylon  
  115  18:51  Pylon  
  115  18:53  Pylon  
  115  18:57  Cybernetics Core  
  115  18:59  Zealot x3  
  113  19:51  Stalker x3  
  117  19:53  Stalker x4  
  116  20:18  Stalker x3  
  116  20:19  Stalker x4  
  130  20:32  Robotics Facility  
  130  20:34  Twilight Council  
  104  21:25  Stalker x7  
  116  21:36  Robotics Bay  
  116  21:43  Protoss Ground Armor Level 3 (Chrono Boost)  
  116  21:56  Stalker x2  
  116  21:57  Stalker x5  
  130  22:06  Nexus  
  130  22:07  Pylon  
  130  22:09  Pylon  
  130  22:11  Probe  
  131  22:22  Stalker x3  
  137  22:25  Stalker x2  
  137  22:26  Stalker x2  
  145  22:33  Colossus (Chrono Boost)  
  151  22:42  Templar Archives  
  151  22:44  Pylon  
  151  22:52  Assimilator  
  151  22:54  Assimilator  
  151  23:00  Stalker x2  
  151  23:01  Stalker x5  
  171  23:20  Colossus (Chrono Boost)  
  171  23:28  Zealot x3  
  171  23:29  Zealot  
  171  23:31  High Templar x3  
Tags
 
Add a new tag
Caveats
  • Supply blocks, unpowered buildings, or Contaminate may cause inaccurate times.
  • Supply counts are checked every 10 seconds.